[Event "Team 45 45 League T31"]
[Site "Internet Chess Club"]
[Date "2006.07.31"]
[Round "6"]
[White "achessman"]
[Black "camembert"]
[Result "1-0"]
[WhiteElo "2009"]
[BlackElo "1901"]
[TimeControl "2700+45"]

1. e4 e5 2. Nf3 Nc6 3. Bb5 a6 4. Ba4 Nf6 5. O-O Nxe4 6. d4 b5 7. Bb3 d5 8. dxe5
Be6 9. c3 Be7 10. Qe2 O-O 11. Rd1 Nc5 12. Bc2 Re8 13. a4 Rb8 14. h3 f6 15. b4
Nd7 16. exf6 Bxf6 17. Qd3 Nf8 18. Nd4 Nxd4 19. cxd4 c6 20. Bf4 Rb7 21. Qc3 Bd7
22. axb5 axb5 23. Nd2 Ne6 24. Be3 Qb6 25. Nb3 Ra7 26. Bf5 g6 27. Rxa7 Qxa7 28.
Bxe6+ Bxe6 29. Qxc6 Qd7 30. Rc1 Rc8 31. Qxc8+ Qxc8 32. Rxc8+ Bxc8 33. Kf1 Kf7
34. Ke2 Ke7 35. Nc5 Kd6 36. Bf4+ Kc6 37. Be5 Be7 38. g4 h5 39. Kf3 hxg4+ 40.
hxg4 Bg5 41. Kg3 Bd2 42. Nd3 Bd7 43. Bf4 Bc3 44. Be3 Kd6 45. Kf4 Ke7 46. Ke5
Bxg4 47. Bg5+ Kd7 48. Kxd5 Bf5 49. Ne5+ Kc7 50. Kc5 Bc2 51. Be3 Ba4 52. Nxg6 Kd7
53. Ne5+ Kc7 54. Nc6 Kb7 55. Bg5 Be1 56. Be3 Bc3 57. d5 Bg7 58. d6 Bf8 59. Bf4
Ka6 60. Nd4 Kb7 61. Ne6 {Black resigns} 1-0  aics%

[Event "Team 45 45 League T31"]
[Site "Internet Chess Club"]
[Date "2006.07.30"]
[Round "6"]
[White "Klampin"]
[Black "kingfischer57"]
[Result "1/2-1/2"]
[WhiteElo "1895"]
[BlackElo "1764"]
[TimeControl "2700+45"]

1. d4 Nf6 2. Nf3 d5 3. Bf4 g6 4. e3 Bg7 5. Nbd2 O-O 6. Bd3 Nbd7 7. h3 c5 8. c3
cxd4 9. cxd4 Qb6 10. Qc2 Nh5 11. Bc7 Qc6 12. Rc1 Qxc2 13. Rxc2 Nb8 14. O-O Nc6
15. a3 Bd7 16. Rfc1 Rfc8 17. Bh2 a6 18. Nb3 b6 19. g4 Nf6 20. Nbd2 e6 21. Be5
Ne8 22. Bxg7 Kxg7 23. b4 Ne7 24. Ne5 Rxc2 25. Rxc2 Ba4 26. Rc1 f6 27. Nef3 Bc6
28. g5 a5 29. gxf6+ Kxf6 30. Ne5 Ba4 31. b5 Ra7 32. f4 Nd6 33. Kf2 Bxb5 34. Bxb5
Nxb5 35. Rb1 Nxa3 36. Rxb6 Nc2 37. Rb2 Nb4 38. Ke2 Nec6 39. Nxc6 Nxc6 40. Ra2 a4
41. Ra3 Ra8 42. Nb1 Kf5 43. Nc3 g5 44. fxg5 Kxg5 45. Kf3 Kh4 46. Kg2 Nb4 47.
Rxa4 Rxa4 48. Nxa4 Nc2 49. Nc5 Nxe3+ 50. Kf3 Nc2 51. Nxe6 h6 52. Kg2 Ne3+ 53.
Kh2 Nf5 54. Nf4 Nxd4 55. Nxd5 Nf3+ 56. Kg2 Ng5 57. Nf4 Ne4 58. Kf3 Ng5+ 59. Kg2
{Game drawn by mutual agreement} 1/2-1/2  aics%

[Event "Team 45 45 League T31"]
[Site "Internet Chess Club"]
[Date "2006.07.29"]
[Round "6"]
[White "tourettes"]
[Black "Rainbird"]
[Result "0-1"]
[WhiteElo "1779"]
[BlackElo "1748"]
[TimeControl "2700+45"]

1. e4 c5 2. Nc3 Nc6 3. g3 g6 4. Bg2 Bg7 5. Nge2 d6 6. O-O e5 7. d3 Nge7 8. f4
O-O 9. Be3 Nd4 10. fxe5 dxe5 11. Qd2 Bg4 12. h3 Be6 13. Nd1 Qd7 14. Kh2 b6 15.
Nxd4 cxd4 16. Bh6 Rac8 17. Bxg7 Kxg7 18. b3 Rc7 19. Nb2 Rfc8 20. Rf2 f5 21. Rc1
Qd6 22. a4 Bxb3 23. c4 dxc3 24. Qe2 cxb2 25. Rxc7 b1=Q 26. Rxc8 Nxc8 27. exf5
Qbxd3 28. Qg4 Q6d4 29. f6+ Kf7 30. Qxc8 Qxf2 31. Qc7+ Kxf6 32. Qc6+ Be6 33. Qc1
Qdxg3+ {White resigns} 0-1  aics%

[Event "Team 45 45 League T31"]
[Site "Internet Chess Club"]
[Date "2006.08.05"]
[Round "6"]
[White "RD1974"]
[Black "crankn8tr"]
[Result "1-0"]
[WhiteElo "1688"]
[BlackElo "1627"]
[TimeControl "2700+45"]

1. e4 e5 2. Bc4 Nf6 3. d3 Nc6 4. Nc3 Na5 5. Nf3 d6 6. O-O Be7 7. a3 Nxc4 8. dxc4
Be6 9. b3 c6 10. Bb2 O-O 11. Qe2 Qc7 12. Rad1 Rad8 13. h3 b5 14. cxb5 d5 15.
exd5 Nxd5 16. Nxd5 cxd5 17. Bxe5 Qb7 18. a4 Rc8 19. Nd4 Bc5 20. Nxe6 fxe6 21.
Bd4 Qe7 22. c4 Rf4 23. Bxc5 Rxc5 24. cxd5 e5 25. d6 Qd7 26. Qe3 Rc2 27. Qxe5
{Black resigns} 1-0  aics%

[Event "Team 45 45 League T31"]
[Site "Internet Chess Club"]
[Date "2006.07.31"]
[Round "6"]
[White "fledermaus"]
[Black "BishopsArms"]
[Result "0-1"]
[WhiteElo "2078"]
[BlackElo "1866"]
[TimeControl "2700+45"]

1. d4 Nf6 2. c4 g6 3. Nc3 Bg7 4. e4 d6 5. Nf3 O-O 6. Be2 e5 7. O-O Nc6 8. d5 Ne7
9. b4 Ne8 10. c5 f5 11. Nd2 f4 12. Nc4 g5 13. f3 h5 14. a4 Rf6 15. Ba3 Rg6 16.
b5 g4 17. Kh1 g3 18. b6 Nc6 19. Rf2 Qh4 20. Qg1 gxf2 21. Qd1 Bh3 22. Bf1 Qg5
{White resigns} 0-1  aics%  Gomer(340): So its logged aics%

[Event "Team 45 45 League T31"]
[Site "Internet Chess Club"]
[Date "2006.07.29"]
[Round "6"]
[White "Egmont"]
[Black "corsair"]
[Result "0-1"]
[WhiteElo "1673"]
[BlackElo "1728"]
[TimeControl "2700+45"]

1. e4 e5 2. Nf3 Nc6 3. Bb5 a6 4. Ba4 Bc5 5. Bxc6 dxc6 6. O-O Bg4 7. d3 Qe7 8.
Nbd2 O-O-O 9. Nc4 f6 10. Be3 Nh6 11. h3 Bh5 12. g4 Bf7 13. Bxc5 Qxc5 14. Ne3 Be6
15. Qe1 Nf7 16. b4 Qe7 17. a4 b6 18. b5 a5 19. Qc3 cxb5 20. axb5 h5 21. Nf5 Bxf5
22. gxf5 g5 23. fxg6 Rhg8 24. Nh4 Nh8 25. Kh2 Nxg6 26. Nf5 Qe6 27. Rg1 Nf4 28.
Qd2 Rg5 29. Rg3 Rdg8 30. Rag1 Qd7 31. d4 Rxg3 32. Rxg3 Rxg3 33. fxg3 Ne6 34. d5
Nc5 35. Qe2 Qh7 36. Qc4 Qd7 37. Qe2 a4 38. c4 Qh7 39. Kg2 Qh8 40. Kf3 Kb7 41.
Ke3 a3 42. Qa2 Qa8 43. Kf3 Qa4 44. Ne3 Qb3 45. Qxb3 Nxb3 46. Nc2 Nd4+ {White
resigns} 0-1  aics%

[Event "Team 45 45 League T31"]
[Site "Internet Chess Club"]
[Date "2006.07.31"]
[Round "6"]
[White "smitty120"]
[Black "NFK"]
[Result "1-0"]
[WhiteElo "1797"]
[BlackElo "1586"]
[TimeControl "2700+45"]

1. e4 d6 2. d4 Nf6 3. Nc3 g6 4. f4 Bg7 5. Nf3 c5 6. e5 Ng4 7. dxc5 dxe5 8. Qxd8+
Kxd8 9. h3 Nh6 10. fxe5 Nf5 11. Bf4 e6 12. O-O-O+ Ke7 13. g4 Bh6 14. Bxh6 Nxh6
15. Nb5 Na6 16. Nd6 Nxc5 17. Bc4 a6 18. a3 b5 19. Ba2 Bd7 20. Rhf1 a5 21. Ng5
Be8 22. Rf3 b4 23. Rdf1 f5 24. exf6+ Kxd6 25. f7 Nxf7 26. Nxf7+ Bxf7 27. Rxf7
bxa3 28. bxa3 Rae8 29. Bc4 Re7 30. Rd1+ {Black resigns} 1-0  aics%

[Event "Team 45 45 League T31"]
[Site "Internet Chess Club"]
[Date "2006.07.30"]
[Round "6"]
[White "chinta"]
[Black "Theodulf"]
[Result "1-0"]
[WhiteElo "1731"]
[BlackElo "1613"]
[TimeControl "2700+45"]

1. e4 e5 2. Bc4 Nf6 3. Nc3 Nxe4 4. Bxf7+ Kxf7 5. Nxe4 d5 6. Qf3+ Kg8 7. Ng5 Qd7
8. d3 c6 9. Ne2 Qf5 10. Qe3 Be7 11. Nf3 Nd7 12. Ng3 Qf6 13. O-O Bd6 14. Re1 b6
15. Nh5 Qe7 16. Nd4 Qf7 17. Nxg7 Qxg7 18. Nf5 Bc5 19. Qf3 e4 20. Qf4 Qf6 21.
dxe4 Nf8 22. Nh6+ Kg7 23. Qc7+ Bd7 24. Ng4 Qf7 25. Qe5+ Kg8 26. Nh6# {Black
checkmated} 1-0  aics%

[Event "Team 45 45 League T31"]
[Site "Internet Chess Club"]
[Date "2006.07.28"]
[Round "6"]
[White "nightly"]
[Black "Apocalyptic"]
[Result "0-1"]
[WhiteElo "1961"]
[BlackElo "1979"]
[TimeControl "2700+45"]

1. c4 c5 2. g3 g6 3. Bg2 Bg7 4. Nc3 Nc6 5. a3 Nf6 6. Rb1 a5 7. Nh3 O-O 8. Nf4 d6
9. O-O Bf5 10. d3 Rb8 11. e4 Bg4 12. f3 Bd7 13. Be3 Nd4 14. Bxd4 cxd4 15. Ncd5
b5 16. b3 bxc4 17. bxc4 e6 18. Nxf6+ Bxf6 19. Ne2 Qc7 20. Qc2 d5 21. exd5 exd5
22. f4 dxc4 23. dxc4 Qc5 24. Kh1 Qxa3 25. Be4 Qe3 26. Rxb8 Rxb8 27. Rf3 Ba4 28.
Qxa4 Qxe4 29. Ng1 Rb1 30. Qa3 Qe1 {White resigns} 0-1  aics%  Ulrika(340): I
knew it! aics%

[Event "Team 45 45 League T31"]
[Site "Internet Chess Club"]
[Date "2006.07.29"]
[Round "6"]
[White "Silk"]
[Black "Rlopez"]
[Result "0-1"]
[WhiteElo "1735"]
[BlackElo "1784"]
[TimeControl "2700+45"]

1. e4 c5 2. Nf3 Nc6 3. d4 cxd4 4. Nxd4 Nf6 5. Nc3 e5 6. Nf3 Bb4 7. Bd3 O-O 8.
Bd2 d6 9. h3 Re8 10. Qe2 Be6 11. g4 Rc8 12. g5 Nd7 13. Qf1 Nb6 14. h4 d5 15. Qg2
d4 16. Ne2 Bc4 17. h5 Bxd3 18. cxd3 Na4 19. g6 Bxd2+ 20. Nxd2 fxg6 21. hxg6 h6
22. Rb1 Nb4 23. Ng3 Nxd3+ 24. Kf1 Nf4 25. Qg1 Qb6 26. Qh2 Rc2 27. Nf5 Qa6+ 28.
Kg1 Qxg6+ {White resigns} 0-1  aics%

[Event "Team 45 45 League T31"]
[Site "Internet Chess Club"]
[Date "2006.07.30"]
[Round "6"]
[White "jerq"]
[Black "autobot"]
[Result "0-1"]
[WhiteElo "1800"]
[BlackElo "1653"]
[TimeControl "2700+45"]

1. e4 c6 2. d4 d5 3. exd5 cxd5 4. c4 Nf6 5. Nc3 e6 6. Nf3 Nc6 7. Bd3 Be7 8. O-O
O-O 9. Bg5 dxc4 10. Bxc4 a6 11. a3 b5 12. Bd3 Bb7 13. Rc1 Nd5 14. Bxe7 Ncxe7 15.
Qc2 Ng6 16. Rfe1 Rc8 17. Qd2 Nh4 18. Nxh4 Qxh4 19. Re4 Qe7 20. Rg4 g6 21. Qh6
Nxc3 22. bxc3 Rc7 23. h4 f5 24. Rg3 Rfc8 25. h5 Qg7 26. Qe3 Bd5 27. hxg6 hxg6
28. Bb1 Kf7 29. Qg5 Qf6 30. Qf4 a5 31. Rh3 g5 32. Qd6 Kg6 33. Qb6 g4 34. Re3 Rh7
35. Rce1 Rch8 36. Kf1 Bc4+ 37. Bd3 Rh1+ 38. Ke2 Bd5 39. Rxh1 Rxh1 40. Bxb5 f4
41. Re5 f3+ 42. gxf3 Qxf3+ 43. Kd2 Qd1+ 44. Ke3 Re1+ 45. Kf4 Qf3# {White
checkmated} 0-1  aics%

[Event "Team 45 45 League T31"]
[Site "Internet Chess Club"]
[Date "2006.07.30"]
[Round "6"]
[White "mrmarck"]
[Black "AVEMARIA"]
[Result "0-1"]
[WhiteElo "1430"]
[BlackElo "1720"]
[TimeControl "2700+45"]

1. d4 Nf6 2. c4 e6 3. Nf3 b6 4. e3 Bb7 5. Be2 c5 6. O-O Be7 7. Nc3 O-O 8. Ne5 d5
9. Bf3 Nbd7 10. b3 Rc8 11. Ba3 Nxe5 12. dxe5 Ne4 13. Nxe4 dxe4 14. Be2 Qc7 15.
Bb2 Rfd8 16. Qc2 Bf8 17. Rad1 g6 18. h4 Bg7 19. Rxd8+ Rxd8 20. Rd1 Bc6 21. a3 a6
22. b4 cxb4 23. axb4 Rxd1+ 24. Qxd1 Bf8 25. b5 axb5 26. cxb5 Bd5 27. h5 Bg7 28.
hxg6 hxg6 29. f4 exf3 30. Bxf3 Bxe5 31. Bxd5 Bxb2 32. Bc6 Qg3 33. Qd8+ Kg7 34.
Qxb6 Qe1+ 35. Kh2 Be5+ 36. Kh3 Qh1+ 37. Kg4 Qh5# {White checkmated} 0-1  aics%

[Event "Team 45 45 League T31"]
[Site "Internet Chess Club"]
[Date "2006.08.01"]
[Round "6"]
[White "MSStateBulldog"]
[Black "Guinness"]
[Result "1-0"]
[WhiteElo "2452"]
[BlackElo "2329"]
[TimeControl "2700+45"]

1. e4 d5 2. exd5 Nf6 3. Nf3 Nxd5 4. d4 Bg4 5. h3 Bh5 6. c4 Nb6 7. Nc3 e6 8. g4
Bg6 9. Ne5 Nc6 10. Nxc6 bxc6 11. Bg2 Qd7 12. Qe2 Bb4 13. O-O O-O 14. Rd1 Rab8
15. c5 Bxc3 16. cxb6 Ba5 17. bxa7 Ra8 18. Qc4 Rxa7 19. b4 Bb6 20. a4 e5 21. Bb2
Rd8 22. Bxc6 Qe7 23. a5 Bxd4 24. Bxd4 exd4 25. Rxd4 h6 26. Qc5 {Black resigns}
1-0  aics%

[Event "Team 45 45 League T31"]
[Site "Internet Chess Club"]
[Date "2006.07.31"]
[Round "6"]
[White "izit"]
[Black "Ozgur-Bjk"]
[Result "1-0"]
[WhiteElo "2182"]
[BlackElo "2097"]
[TimeControl "2700+45"]

1. e4 c5 2. Nf3 d6 3. d4 cxd4 4. Nxd4 Nf6 5. Nc3 a6 6. Be3 e6 7. f3 Be7 8. Qd2
O-O 9. O-O-O b5 10. g4 b4 11. Nce2 d5 12. g5 Ne8 13. Ng3 Bb7 14. e5 Nd7 15. f4
Rc8 16. Kb1 Nb6 17. Qg2 a5 18. Nh5 a4 19. Bd3 Nc4 20. Qh3 g6 21. Bc1 Qb6 22.
Nf6+ Bxf6 23. gxf6 a3 24. b3 Na5 25. Qh6 Qc5 26. Nf3 {Black resigns} 1-0  aics%

[Event "Team 45 45 League T31"]
[Site "Internet Chess Club"]
[Date "2006.07.27"]
[Round "6"]
[White "Allessia"]
[Black "trivialpursuit"]
[Result "1-0"]
[WhiteElo "2153"]
[BlackElo "1930"]
[TimeControl "2700+45"]

1. e4 e5 2. Nf3 Nc6 3. Bc4 Nf6 4. d3 Bc5 5. Bg5 d6 6. Nc3 Be6 7. Nd5 Bxd5 8.
Bxd5 Qe7 9. O-O h6 10. Bxc6+ bxc6 11. Bh4 g5 12. Bg3 Nh5 13. c3 Nxg3 14. hxg3 f6
15. a4 a5 16. Qc2 Qd7 17. d4 Bb6 18. dxe5 fxe5 19. Rad1 Qe7 20. Nd2 g4 21. Nc4
h5 22. Nxb6 cxb6 23. Qe2 Qe6 24. Qe3 Rb8 25. Qg5 Rb7 26. f4 exf4 27. Rxf4 Re7
28. Rf6 Qxe4 29. Rfxd6 Kf7 30. Qf6+ Kg8 31. Rd8+ {Black resigns} 1-0  aics% 
fledermaus(340): yes...as you said...only thing left to do is learn that move
with the king and the rook at the same time ;) aics%

[Event "Team 45 45 League T31"]
[Site "Internet Chess Club"]
[Date "2006.07.31"]
[Round "6"]
[White "phoenix10q72"]
[Black "joelbanawa"]
[Result "0-1"]
[WhiteElo "2263"]
[BlackElo "2322"]
[TimeControl "2700+45"]

1. e4 e5 2. Bc4 Nf6 3. d3 Nc6 4. Nc3 Na5 5. Nge2 c6 6. a3 Nxc4 7. dxc4 d6 8. Qd3
Be7 9. O-O O-O 10. b3 Be6 11. Kh1 d5 12. cxd5 cxd5 13. exd5 Nxd5 14. Nxd5 Qxd5
15. Qxd5 Bxd5 16. Bb2 e4 17. c4 Bc6 18. Nd4 f5 19. Nxc6 bxc6 20. Rfd1 Rad8 21.
b4 a5 22. bxa5 Bc5 23. Kg1 f4 24. Kf1 e3 25. f3 Rfe8 26. Ke2 Rb8 27. Bc3 Rb3 28.
Rd3 Reb8 29. Be5 Rb2+ 30. Bxb2 Rxb2+ 31. Kd1 Rxg2 32. Rb1 e2+ 33. Kd2 e1=Q+ 34.
Kxe1 Rg1+ 35. Kd2 Rxb1 36. Rd8+ Kf7 37. Rd7+ Be7 38. a6 Ra1 39. Rc7 c5 40. Kd3
Rxa3+ 41. Ke4 Rxa6 42. Kxf4 Rh6 43. Kg3 Ke6 44. Rc6+ Bd6+ 45. Kg4 Rxh2 46. f4
Rc2 47. f5+ Kd7 48. Ra6 Rxc4+ 49. Kh5 Rf4 50. Ra7+ Bc7 51. Kg5 h6+ 52. Kg6 Rg4+
53. Kf7 Rg5 54. f6 gxf6 55. Kxf6 Rd5 56. Kg6 h5 57. Ra4 Kc6 58. Re4 Bg3 {White
resigns} 0-1  aics%

[Event "Team 45 45 League T31"]
[Site "Internet Chess Club"]
[Date "2006.07.29"]
[Round "6"]
[White "iwulu"]
[Black "jorobo"]
[Result "0-1"]
[WhiteElo "2204"]
[BlackElo "2187"]
[TimeControl "2700+45"]

1. d4 d5 2. Nf3 e6 3. c4 c5 4. cxd5 exd5 5. Nc3 Nc6 6. Bg5 f6 7. Be3 c4 8. g3
Bb4 9. Bg2 Nge7 10. O-O O-O 11. Ne1 Be6 12. Nc2 Ba5 13. Qd2 b5 14. a3 a6 15.
Rfd1 Ra7 16. Qc1 Nf5 17. Bh3 Rd7 18. Bxf5 Bxf5 19. f3 Re8 20. Bf2 Bxc3 21. bxc3
Rxe2 22. Ne3 Bd3 23. Re1 Rxe1+ 24. Qxe1 Re7 25. a4 b4 26. cxb4 Nxd4 27. Qd1 Ne2+
28. Kg2 d4 29. Nc2 Nc3 30. Qc1 Re2 31. Ne1 Qe7 32. Qf4 Rxf2+ {White resigns} 0-1
 aics%

[Event "Team 45 45 League T31"]
[Site "Internet Chess Club"]
[Date "2006.07.29"]
[Round "6"]
[White "JonnyBeGood"]
[Black "gracey"]
[Result "1-0"]
[WhiteElo "2146"]
[BlackElo "2115"]
[TimeControl "2700+45"]

1. e4 e5 2. Nf3 Nc6 3. d4 exd4 4. Bc4 Nf6 5. O-O Nxe4 6. Re1 d5 7. Bxd5 Qxd5 8.
Nc3 Qa5 9. Nxe4 Be6 10. Neg5 O-O-O 11. Nxe6 fxe6 12. Rxe6 Bd6 13. Bg5 Rde8 14.
Qe2 Kd7 15. Rxe8 Rxe8 16. Qd3 h6 17. Bd2 Qd5 18. a3 Kc8 19. Rd1 Ne5 20. Nxe5
Qxe5 21. g3 Qh5 22. Re1 Rxe1+ 23. Bxe1 Qe5 24. Bd2 c5 25. Kg2 Kc7 26. f3 Qe6 27.
Qe4 Qa2 28. Bf4 Bxf4 29. Qxf4+ Kc6 30. Qe4+ Kb6 31. Qg6+ Ka5 32. Qxg7 Qxb2 33.
Qc7+ Qb6 34. Qxb6+ Kxb6 35. Kf2 Kb5 36. Ke2 Kc4 37. f4 Kd5 38. g4 c4 39. g5 hxg5
40. fxg5 Ke5 41. h4 Kf5 42. a4 b6 43. Kd2 a6 44. Ke2 b5 45. axb5 axb5 46. Kd2 b4
47. Kc1 c3 48. Kd1 Kg6 49. Ke2 Kf5 50. Kd3 {Black resigns} 1-0  aics%

[Event "Team 45 45 League T31"]
[Site "Internet Chess Club"]
[Date "2006.07.28"]
[Round "6"]
[White "Ser-Enigma"]
[Black "ChessAddict"]
[Result "1/2-1/2"]
[WhiteElo "2073"]
[BlackElo "2119"]
[TimeControl "2700+45"]

1. e4 e6 2. d3 c5 3. Nf3 Nc6 4. g3 g6 5. Bg2 Bg7 6. c3 e5 7. Be3 d6 8. Na3 Nge7
9. O-O O-O 10. Qd2 f5 11. Bg5 Be6 12. Nh4 Qd7 13. Bh3 Rf7 14. Nc2 Raf8 15. f4
exf4 16. exf5 Nxf5 {Game drawn by mutual agreement} 1/2-1/2  aics%

[Event "Team 45 45 League T31"]
[Site "Internet Chess Club"]
[Date "2006.07.31"]
[Round "6"]
[White "pestka"]
[Black "Rossinantes"]
[Result "1/2-1/2"]
[WhiteElo "2262"]
[BlackElo "2355"]
[TimeControl "2700+45"]

1. c4 Nf6 2. Nc3 g6 3. g3 c5 4. Bg2 Bg7 5. e3 O-O 6. Nge2 e6 7. O-O Nc6 8. d4
cxd4 9. Nxd4 d5 10. cxd5 Nxd4 11. exd4 Nxd5 12. Nxd5 exd5 13. Be3 {Game drawn by
mutual agreement} 1/2-1/2  aics%

[Event "Team 45 45 League T31"]
[Site "Internet Chess Club"]
[Date "2006.07.31"]
[Round "6"]
[White "f5"]
[Black "Phosphorus"]
[Result "1-0"]
[WhiteElo "2339"]
[BlackElo "2182"]
[TimeControl "2700+45"]

1. e4 d6 2. d4 Nf6 3. Nc3 g6 4. f4 Bg7 5. Nf3 c5 6. Bb5+ Bd7 7. e5 Ng4 8. Bxd7+
Qxd7 9. d5 dxe5 10. h3 e4 11. Nxe4 Nf6 12. Nxf6+ Bxf6 13. O-O O-O 14. Be3 Bxb2
15. Rb1 Bg7 16. Bxc5 Rd8 17. Bd4 Qxd5 18. Bxg7 Kxg7 19. Qxd5 Rxd5 20. Rxb7 Nc6
21. Rc7 Rd6 22. Rb1 a5 23. Kf2 Ra7 24. Rxa7 Nxa7 25. Ke3 f6 26. a3 Kf7 27. c4 h5
28. Ke4 Nc8 29. Nd4 Rd7 30. c5 e6 31. Rb5 a4 32. Rb4 Rc7 33. Rb5 Ne7 34. c6 f5+
35. Kd3 Nd5 36. Rb7 Kf6 37. Rxc7 Nxc7 38. Nf3 Ke7 39. h4 Kd6 40. Ne5 Nd5 41. g3
Ne7 42. Kc4 Nxc6 43. Nxc6 Kxc6 44. Kb4 e5 45. fxe5 Kd5 46. Kxa4 g5 47. hxg5 f4
48. gxf4 h4 49. g6 Ke6 50. f5+ Ke7 51. f6+ Kf8 52. e6 h3 53. g7+ Kg8 54. e7 Kf7
55. g8=Q+ Kxg8 56. e8=Q+ Kh7 57. Qh5+ Kg8 58. Qg6+ Kf8 59. Qg7+ Ke8 60. Qe7#
{Black checkmated} 1-0  aics%

[Event "Team 45 45 League T31"]
[Site "Internet Chess Club"]
[Date "2006.07.31"]
[Round "6"]
[White "BaroneRosso"]
[Black "trevor21"]
[Result "1/2-1/2"]
[WhiteElo "2084"]
[BlackElo "2159"]
[TimeControl "2700+45"]

1. d4 e6 2. c4 d5 3. Nc3 Be7 4. Nf3 Nf6 5. Bg5 c6 6. e3 Nbd7 7. Rc1 O-O 8. Bd3
Re8 9. O-O Nf8 10. e4 dxe4 11. Nxe4 b6 12. Qc2 Bb7 13. Rfd1 Nxe4 14. Bxe7 Qxe7
15. Bxe4 c5 16. dxc5 bxc5 17. Ne5 Red8 18. Nc6 Bxc6 19. Bxc6 Rab8 20. b3 Qc7 21.
Be4 Qa5 22. g3 g6 23. Qe2 Kg7 24. Bb1 f6 25. f4 Qc7 26. Rxd8 Rxd8 27. Rd1 Rxd1+
28. Qxd1 Qd7 29. Qxd7+ Nxd7 30. Kf2 f5 31. Bc2 Kf6 32. Ke3 e5 33. fxe5+ Kxe5 34.
a3 a5 35. h3 Nf8 36. Bd1 Ne6 37. h4 g5 38. hxg5 Nxg5 39. Bc2 h6 40. b4 cxb4 41.
axb4 axb4 42. c5 Kd5 43. c6 Kxc6 44. Bxf5 Kd5 45. Kf4 b3 46. Bb1 Kd4 47. Kf5 Ke3
48. Kg6 Kf3 49. Kxh6 Nh3 50. Kg6 Kxg3 51. Kf5 Kf3 52. Ke5 Ke3 53. Kd5 Kd2 54.
Kc4 b2 55. Kb3 Kc1 56. Bf5 Nf4 57. Bh7 Ne6 58. Kc3 Nc5 59. Bg6 Na4+ 60. Kb3 Nb6
61. Kc3 Nd5+ 62. Kb3 Ne3 63. Bh7 Nd1 64. Bg6 Ne3 65. Bh7 Ng4 66. Bg6 Nf6 67. Bf5
Nd5 68. Bh7 Ne7 69. Be4 Nc8 70. Bh7 Nd6 71. Bg6 Nb5 72. Bh7 Nd4+ 73. Kc3 b1=Q
74. Bxb1 {Game drawn because neither player has mating material} 1/2-1/2  aics%

[Event "Team 45 45 League T31"]
[Site "Internet Chess Club"]
[Date "2006.08.01"]
[Round "6"]
[White "DaveTheRook"]
[Black "Sean"]
[Result "1/2-1/2"]
[WhiteElo "1679"]
[BlackElo "1518"]
[TimeControl "2700+45"]

1. d4 Nf6 2. c4 g6 3. Nc3 Bg7 4. e4 d6 5. f3 O-O 6. Be3 c5 7. Nge2 Qa5 8. Qd2
Nc6 9. d5 Ne5 10. Nc1 a6 11. Nb3 Qc7 12. Be2 Rb8 13. O-O Ned7 14. Bh6 Nb6 15.
Bxg7 Kxg7 16. f4 Bg4 17. Bxg4 Nxg4 18. Nd1 Qd7 19. Qc3+ f6 20. Nd2 e5 21. f5 g5
22. Qg3 Nh6 23. h4 Nf7 24. b3 h6 25. Nf3 Rh8 26. Ne3 Kf8 27. Kf2 Ke7 28. Rh1
Rbg8 29. h5 Qc7 30. Ng4 Nd7 31. Ke2 Qa5 32. Qe1 Qxe1+ 33. Raxe1 b5 34. a3 bxc4
35. bxc4 Rb8 36. Rb1 Rb6 37. Kd3 Rhb8 38. Nd2 Kf8 39. Rxb6 Rxb6 40. Rb1 Kg7 41.
Kc3 Nd8 42. Rxb6 Nxb6 43. Kb3 a5 44. Ne3 Kf7 45. Nb1 Nb7 46. a4 Na8 47. Nc3 Nc7
48. Nb5 Ne8 49. Ng4 Kg7 50. Ne3 Kf7 51. g4 Ke7 52. Nd1 Kd7 53. Ndc3 Ng7 54. Na7
Ne8 55. Nc6 Nc7 56. Nb5 Na6 57. Kc3 Nb4 58. Nca7 Na2+ 59. Kb2 Nb4 60. Kc3 Na2+
61. Kb2 Nb4 62. Kc3 {Game drawn by repetition} 1/2-1/2  aics%

[Event "Team 45 45 League T31"]
[Site "Internet Chess Club"]
[Date "2006.07.31"]
[Round "6"]
[White "Grenadier"]
[Black "Kingofknights"]
[Result "1-0"]
[WhiteElo "1624"]
[BlackElo "1588"]
[TimeControl "2700+45"]

1. e4 c6 2. d4 d5 3. exd5 cxd5 4. c4 Nf6 5. Nc3 dxc4 6. Bxc4 e6 7. Nf3 a6 8. O-O
b5 9. Bb3 Bb7 10. Re1 Be7 11. Qe2 O-O 12. Bg5 Nd5 13. Bxd5 Bxd5 14. Bxe7 Qxe7
15. Nxd5 Qd7 16. Nb6 {Black resigns} 1-0  aics%

[Event "Team 45 45 League T31"]
[Site "Internet Chess Club"]
[Date "2006.07.30"]
[Round "6"]
[White "kingofthespill"]
[Black "Wheels"]
[Result "0-1"]
[WhiteElo "1517"]
[BlackElo "1750"]
[TimeControl "2700+45"]

1. d4 Nf6 2. c4 g6 3. Nc3 Bg7 4. e4 d6 5. Nf3 O-O 6. Be2 e5 7. dxe5 dxe5 8. Qxd8
Rxd8 9. Bg5 Re8 10. Nd5 Nxd5 11. cxd5 c6 12. Bc4 cxd5 13. Bxd5 Nd7 14. O-O Nb6
15. Bb3 h6 16. Be3 Be6 17. Rfc1 Bxb3 18. axb3 Rec8 19. Bxb6 axb6 20. Rxa8 Rxa8
21. Nd2 h5 22. Nc4 Ra2 23. Rb1 Ra6 24. Nd6 Bf8 25. Nxb7 Ra7 26. Nd8 Rc7 27. Rd1
Be7 28. Kf1 Kf8 29. Nxf7 Kxf7 30. f3 Rc2 {White resigns} 0-1  aics%

[Event "Team 45 45 League T31"]
[Site "Internet Chess Club"]
[Date "2006.07.28"]
[Round "6"]
[White "Archaeologist"]
[Black "kutch"]
[Result "0-1"]
[WhiteElo "1545"]
[BlackElo "1472"]
[TimeControl "2700+45"]

1. e4 e5 2. Nf3 Nc6 3. d4 exd4 4. Nxd4 Bc5 5. c3 Nf6 6. Nxc6 dxc6 7. Qxd8+ Kxd8
8. Bg5 h6 9. Bxf6+ gxf6 10. Nd2 Re8 11. f3 f5 12. O-O-O Be3 13. Kc2 Ke7 14. Nc4
Bg5 15. exf5 Bxf5+ 16. Bd3 Be6 17. Rhe1 Kf6 18. g3 h5 19. f4 Bh6 20. Ne3 Bxa2
21. b3 a5 22. Kb2 Bxb3 23. Kxb3 a4+ 24. Ka2 b5 25. Nc2 Rxe1 26. Nxe1 Rd8 27. Nf3
c5 28. Rd2 b4 29. cxb4 cxb4 30. h3 Bf8 31. Bb5 b3+ 32. Kb2 Ra8 33. Bc6 Ra6 34.
Ne5 Bb4 35. Rd4 a3+ 36. Kxb3 a2 37. Rxb4 a1=Q 38. Nd7+ Ke7 39. Ba4 Rxa4 40. Rxa4
Qd1+ 41. Kb4 Kxd7 42. Ra3 Qd6+ 43. Ka4 c5 44. Kb5 Qc6+ 45. Kc4 Ke6 46. Re3+ Kd7
47. Re5 Kd6 48. Rxh5 Qa4+ 49. Kc3 Qd4+ 50. Kc2 Qf2+ 51. Kc1 Qe1+ 52. Kc2 Qe2+
53. Kc3 Qxh5 54. Kd2 Qf3 55. f5 Qxg3 56. f6 Qxh3 57. Kc2 Kd5 58. Kd2 Kd4 59. Kc2
Qc3+ 60. Kd1 Qb2 61. Ke1 Ke3 62. Kf1 Qf2# {White checkmated} 0-1  aics%

[Event "Team 45 45 League T31"]
[Site "Internet Chess Club"]
[Date "2006.07.26"]
[Round "6"]
[White "Warpdrive"]
[Black "chiiwen"]
[Result "1/2-1/2"]
[WhiteElo "1582"]
[BlackElo "1715"]
[TimeControl "2700+45"]

1. e4 c5 2. Nf3 Nc6 3. d4 cxd4 4. Nxd4 g6 5. Be3 Bg7 6. Qd2 Nf6 7. Nc3 O-O 8.
Be2 d5 9. exd5 Nxd5 10. Nxd5 Qxd5 11. Bf3 Qc4 12. Nxc6 bxc6 13. Be2 Qd5 14. Qxd5
cxd5 15. c3 e5 16. O-O Be6 17. a3 d4 18. cxd4 exd4 19. Bc1 Rfd8 20. Bd3 Rab8 21.
b4 a5 22. Bd2 a4 23. Rac1 Rbc8 24. Rxc8 Rxc8 25. Rc1 Rxc1+ 26. Bxc1 Be5 27. g3
Kf8 28. f4 Bf6 29. Kf2 Ke7 30. Kf3 Kd6 31. Be4 Bd8 32. Ke2 Bc4+ 33. Bd3 Bxd3+
34. Kxd3 Kd5 35. Bb2 Bb6 36. h4 h5 37. Ba1 f6 38. Bb2 f5 39. Ba1 Ba7 40. Bb2
{Game drawn by mutual agreement} 1/2-1/2  aics%

[Event "Team 45 45 League T31"]
[Site "Internet Chess Club"]
[Date "2006.07.27"]
[Round "6"]
[White "tryanything"]
[Black "peatmoss"]
[Result "1/2-1/2"]
[WhiteElo "1583"]
[BlackElo "1455"]
[TimeControl "2700+45"]

1. e4 d6 2. d4 Nf6 3. Nc3 g6 4. f4 Bg7 5. Nf3 Bg4 6. Be2 Nbd7 7. O-O c5 8. e5
Nh5 9. exd6 exd6 10. Be3 O-O 11. Qd2 Re8 12. Rae1 Qb6 13. Na4 Qc7 14. dxc5 Nxc5
15. Nxc5 dxc5 16. c3 Rad8 17. Qc1 b6 18. Ng5 Nf6 19. Bxg4 Nxg4 20. g3 h6 21. Nf3
Rd3 22. Ne5 Nxe5 23. fxe5 Bxe5 24. Bf4 g5 25. Bxe5 Rxe5 26. Rxe5 Qxe5 27. Qc2 c4
28. Qf2 Qe3 29. Re1 Qxf2+ 30. Kxf2 Kf8 31. a3 Rd2+ 32. Re2 Rxe2+ 33. Kxe2 {Game
drawn by mutual agreement} 1/2-1/2  aics%